 Dungeon Crawl Stone Soup version 0.26-a0-682-g294304f6e8 (webtiles) character file.

Game seed: 935071556474872436

1351 Forecaster the Ruffian (level 8, -4/68 HPs)
             Began as a Naga Transmuter on Oct 21, 2020.
             Was a Follower of Sif Muna.
             Slain by an orc warrior
             ... wielding a +0 glaive
              (17 damage)
             ... on level 6 of the Dungeon.
             The game lasted 00:34:09 (6741 turns).

Forecaster the Ruffian (Naga Transmuter)            Turns: 6741, Time: 00:34:09

Health: -4/68      AC:  8    Str: 14    XL:     8   Next: 63%
Magic:  13/13      EV: 11    Int: 14    God:    Sif Muna [*.....]
Gold:   237        SH:  5    Dex: 12    Spells: 7/13 levels left

rFire    + . .     SeeInvis +   M - +1 rapier (vamp)
rCold    x . .     Faith    .   (no shield)
rNeg     . . .     Spirit   .   a - +0 robe
rPois    +         Reflect  +   (no helmet)
rElec    .         Harm     .   K - +0 cloak
rCorr    .         Rampage  .   (no gloves)
MR       +....                  (no barding)
Stlth    +++.......             v - amulet of reflection
HPRegen  0.21/turn              w - +4 ring of protection
MPRegen  0.13/turn              O - ring of fire

@: very slow
A: large, see invisible, deformed body, poison resistance, slowness 2, spit
poison 1, AC +2
a: Spit Poison, Channel Magic, Renounce Religion


You were on level 6 of the Dungeon.
You worshipped Sif Muna.
Sif Muna was aware of your devotion.
You visited 2 branches of the dungeon, and saw 7 of its levels.

You collected 237 gold pieces.

Inventory:

Hand Weapons
 e - a +7 dagger of draining
 g - a +0 dagger
 h - a +0 dagger
 j - a +0 broad axe
 l - a +0 shortbow
 s - a +0 dagger
 y - a +0 dagger
 A - a +0 short sword
 B - a +0 trident
 D - a +0 dagger
 M - a +1 vampiric rapier (weapon)
 Q - a +0 dagger
Missiles
 c - 15 boomerangs (quivered)
 m - 111 arrows
 o - 23 poisoned darts
 u - a throwing net
Armour
 a - a +0 robe (worn)
 t - a +0 robe
 E - a +0 leather armour
 F - a +0 robe
 G - a +0 leather armour
 K - a +0 cloak (worn)
Jewellery
 v - an amulet of reflection (around neck)
 w - a +4 ring of protection (left hand)
 O - a ring of fire (right hand)
Wands
 r - a wand of paralysis (14)
 z - a wand of random effects (19)
Scrolls
 d - a scroll of remove curse
 i - 3 scrolls of teleportation
 n - a scroll of fear {unknown}
 x - 2 scrolls of magic mapping {unknown}
 H - 4 scrolls of immolation
 N - a scroll of amnesia {unknown}
 P - a scroll of blinking
Potions
 f - a potion of flight
 k - a potion of mutation {unknown}
 p - 2 potions of might
 q - a potion of ambrosia
 C - 2 potions of cancellation {unknown}
 I - 2 potions of heal wounds {unknown}
 J - a potion of resistance {unknown}
 L - a potion of stabbing {unknown}


   Skills:
 + Level 2.9 Fighting
 + Level 4.5 Short Blades
 + Level 4.0 Dodging
 + Level 4.7 Stealth
 + Level 5.1 Unarmed Combat
 + Level 3.3 Spellcasting
 + Level 3.8 Transmutations
 + Level 2.1 Poison Magic


You had 7 spell levels left.
You knew the following spells:

 Your Spells              Type           Power        Failure   Level
a - Beastly Appendage     Tmut           ##....       4%          1
b - Spider Form           Tmut/Pois      ##........   19%         3
c - Wereblood             Tmut           ##......     7%          2

Your spell library contained the following spells:

 Spells                   Type           Power        Failure   Level
 Summon Small Mammal      Summ           #...         21%         1
 Call Imp                 Summ           #.......     30%         2
 Call Canine Familiar     Summ           #.......     52%         3
 Confusing Touch          Hex            #.......     52%         3
 Gell's Gravitas          Tloc           #.........   52%         3
 Summon Guardian Golem    Hex/Summ       #.......     52%         3
 Ice Form                 Ice/Tmut       #.......     67%         4
 Petrify                  Tmut/Erth      #.......     67%         4
 Blade Hands              Tmut           ##........   77%         5
 Summon Ice Beast         Ice/Summ       #.......     90%         4
 Summon Lightning Spire   Summ/Air       #.......     90%         4
 Yara's Violent Unravell  Hex/Tmut       #.........   95%         5
 Metabolic Englaciation   Hex/Ice        #.........   99%         5


Dungeon Overview and Level Annotations

Branches:
Dungeon (6/15)             Temple (1/1) D:4

Altars:
Ashenzari
Cheibriados
Dithmenos
Fedhas
Gozag
Hepliaklqana
Makhleb
Qazlal
Ru
Sif Muna
Trog
Uskayaw
Wu Jian
Xom
Yredelemnul
Zin


Innate Abilities, Weirdness & Mutations

You cannot wear boots.
Your serpentine skin is tough. (AC +2)
You have supernaturally acute eyesight. (SInv)
Armour fits poorly on your strangely shaped body.
Your system is resistant to poisons. (rPois)
You cover ground very slowly.
You can spit poison.


Message History

The orc warrior is severely wounded.
You closely miss the orc warrior.
The orc warrior is severely wounded.
The orc warrior hits you with a +0 glaive!
* * * LOW HITPOINT WARNING * * *
You feel better.
The orc warrior hits you with a +0 glaive!
* * * LOW HITPOINT WARNING * * *
You barely miss the orc warrior.
The orc warrior is severely wounded.
The orc warrior hits you with a +0 glaive.
* * * LOW HITPOINT WARNING * * *
You feel better.
The orc warrior hits you but does no damage.
You closely miss the orc warrior.
The orc warrior is severely wounded.
You hit the orc warrior.
The orc warrior is almost dead.
The orc warrior hits you with a +0 glaive!
You die...

#...... ##.... .##
#.....# #.....
...####..... #.....
........... #....#
..........# ##.....
..........# #......
..........## ###......
........)..#####.....###
......o@#..).#.....#####
.........#.[.....### #.
..........#.....## ##.
...........#...#######..
...........#............
.............รท..........
.......................#
.......................#
......................#


You could see an orc warrior.

Vanquished Creatures
  Eustachio (D:5)
  2 ice beasts
  An ogre (D:5)
  A phantom (D:5)
  A centaur (D:2)
  A bullfrog (D:6)
  A scorpion (D:5)
  3 orc priests
  A bullfrog zombie (D:5)
  A hound (D:5)
  An iguana (D:4)
  6 orc wizards
  A centaur skeleton (D:5)
  3 worker ants (D:5)
  2 adders (D:3)
  8 gnolls
  2 ufetubi (D:5)
  6 worms
  2 dart slugs (D:1)
  12 leopard geckos
  25 orcs
  5 bats
  3 giant cockroaches
  6 goblins
  4 hobgoblins
  2 jackals (D:4)
  4 kobolds
  2 quokkas (D:5)
  4 ball pythons
  3 frilled lizards
  A leopard gecko skeleton (D:4)
  5 rats
120 creatures vanquished.

Vanquished Creatures (others)
  A kobold (D:2)
1 creature vanquished.

Grand Total: 121 creatures vanquished

Notes
Turn   | Place    | Note
-------+----------+-------------------------------------------
     0 | D:1      | Forecaster the Naga Transmuter began the quest for the Orb.
     0 | D:1      | Reached XP level 1. HP: 18/18 MP: 3/3
   256 | D:1      | Reached XP level 2. HP: 18/25 MP: 5/5
   789 | D:1      | Reached XP level 3. HP: 30/31 MP: 6/6
  1432 | D:2      | Learned a level 3 spell: Spider Form
  1495 | D:2      | Noticed a centaur
  1506 | D:2      | Killed a centaur
  1506 | D:2      | Reached skill level 1 in Short Blades
  1506 | D:2      | Reached skill level 4 in Unarmed Combat
  1506 | D:2      | Reached XP level 4. HP: 9/38 MP: 4/7
  1821 | D:2      | Found a stormy altar of Qazlal.
  1926 | D:2      | Found an opulent altar of Gozag.
  2025 | D:2      | Reached XP level 5. HP: 44/44 MP: 8/8
  2149 | D:3      | Learned a level 2 spell: Wereblood
  2189 | D:3      | Reached skill level 1 in Stealth
  2514 | D:3      | Found a hazy altar of Hepliaklqana.
  2948 | D:3      | Reached XP level 6. HP: 14/51 MP: 7/9
  3263 | D:3      | Found a faded altar of an unknown god.
  3903 | D:4      | Found a staircase to the Ecumenical Temple.
  3938 | D:4      | HP: 2/51 [gnoll/+0 whip (7)]
  4230 | Temple   | Entered the Ecumenical Temple
  4266 | Temple   | Became a worshipper of Sif Muna the Loreminder
  4980 | D:5      | Entered Level 5 of the Dungeon
  4980 | D:5      | Noticed a phantom
  5015 | D:5      | Killed a phantom
  5015 | D:5      | Reached XP level 7. HP: 21/58 MP: 8/11
  5307 | D:5      | Reached skill level 1 in Poison Magic
  5313 | D:5      | Reached * piety under Sif Muna
  5683 | D:5      | Found a glowing silver altar of Zin.
  5684 | D:5      | Noticed an angel
  5687 | D:5      | Found a shimmering altar of Xom.
  5691 | D:5      | Reached XP level 8. HP: 67/67 MP: 12/12
  5891 | D:5      | Found a basalt altar of Yredelemnul.
  5943 | D:5      | Noticed Eustachio
  5958 | D:5      | Killed Eustachio
  5958 | D:5      | Reached skill level 5 in Unarmed Combat
  6624 | D:6      | Found a shadowy altar of Dithmenos.
  6738 | D:6      | HP: 1/68 [orc warrior/+0 glaive (5)]
  6741 | D:6      | Slain by an orc warrior

Illustrated notes

Levels and vault maps discovered:
D:1:      psy_arrival_whirlpool, layout_basic, hangedman_decor_opposing,
          minmay_misc_feat_pillars
D:2:      layout_basic, grunt_qazlal_clouds, grunt_gozag_breadcrumbs,
          nrook_campfire
D:3:      layout_basic, overflow_temple_1_default,
          chequers_ecumenical_altar_simple, st_stairs_9,
          chequers_serial_rivers_room_a
D:4:      layout_cave_pools, minmay_temple_entry_mini_moons
D:5:      layout_loops_ring, grunt_temple_overflow_order_and_chaos_1,
          old_standard_altar, uniq_eustachio
D:6:      layout_layer_cave, nicolae_dithmenos_through_a_glass_darkly,
          gammafunk_temple_overflow_elements, biasface_ghost_orc_armoury
Temple:   jpeg_temple_island

Skill      XL: |  1  2  3  4  5  6  7  8 |
---------------+-------------------------+-----
Short Blades   | 1 2 3 4 |  4.5
Dodging        | 2 3 4 |  4.0
Unarmed Combat | 4 5 |  5.1
Stealth        | 1 3 4 |  4.7
Transmutations | 3 |  3.8
Spellcasting   | 3 |  3.3
Poison Magic   | 1 2 |  2.1
Fighting       | 2 |  2.9

Action                   |  1- 3 |  4- 6 |  7- 9 || total
-------------------------+-------+-------+-------++-------
Melee: Unarmed           |    16 |    15 |    37 ||    68
       Dagger            |    42 |   256 |    64 ||   362
       Headbutt          |     1 |       |       ||     1
       Punch             |       |     3 |     2 ||     5
       Rapier            |       |       |    57 ||    57
 Cast: Beastly Appendage |     3 |       |       ||     3
       Spider Form       |     1 |     2 |     4 ||     7
       Wereblood         |       |     7 |     2 ||     9
  Use: Scroll            |       |    13 |     2 ||    15
       Potion            |       |     1 |     3 ||     4
 Stab: Distracted        |       |     1 |     1 ||     2
       Sleeping          |       |     3 |     4 ||     7
Armor: Robe              |     6 |    41 |    35 ||    82
       Skin              |     1 |     3 |     5 ||     9
Dodge: Dodged            |    40 |   101 |    69 ||   210
Block: Other             |       |    49 |    34 ||    83
       Reflection        |       |     1 |       ||     1

Table legend: (Time is in decaauts)
 A = Elapsed time spent in this place.
 B = Non-inter-level travel time spent in this place.
 C = Inter-level travel time spent in this place.
 D = Time resting spent in this place.
 E = Time spent auto-exploring this place.
 F = Levels seen in this place.
 G = Mean time per level.
                   A        B        C        D        E       F      G
               +--------+--------+--------+--------+--------+-----+--------+
         Total |   8110 |   7979 |    131 |   2126 |   3318 |   7 | 1158.6 |
       Dungeon |   7762 |   7631 |    131 |   2126 |   2993 |   6 | 1293.7 |
        Temple |    347 |    347 |      0 |      0 |    325 |   1 |  347.0 |
               +--------+--------+--------+--------+--------+-----+--------+

Top non-repeatable levels by time:
     D:3: 2039 daAuts
     D:1: 1663 daAuts
     D:5: 1444 daAuts
     D:4: 1030 daAuts
     D:2: 945 daAuts
     D:6: 639 daAuts
  Temple: 347 daAuts
